 Dungeon Crawl Stone Soup version 0.29.0-11-gd7f09526c8 (webtiles) character file.

Game seed: 7869807893054710990

15024 Zonian the Fighter (level 11, -12/94 HPs)
             Began as a Demonspawn Necromancer on Sept 5, 2022.
             Was a Believer of Kikubaaqudgha.
             Mangled by a seven-headed hydra (14 damage)
             ... on level 2 of the Lair of Beasts.
             The game lasted 00:46:48 (21122 turns).

Zonian the Fighter (Demonspawn Necromancer)        Turns: 21122, Time: 00:46:48

Health: -12/94     AC:  6    Str:  9    XL:     11   Next: 96%
Magic:  11/20      EV: 14    Int: 25    God:    Kikubaaqudgha [**....]
Gold:   225        SH:  0    Dex: 15    Spells: 6/22 levels left

rFire   . . .      SeeInvis .   t - +2 dagger (venom)
rCold   . . .      Faith    .   (no shield)
rNeg    . . .      Spirit   .   a - +0 robe
rPois   .          Reflect  .   k - +2 hat
rElec   .          Harm     .   u - +0 cloak
rCorr   .          Rampage  .   (no gloves)
Will    .....                   (no boots)
Stlth   +++.......              G - amulet of magic regeneration
HPRegen 0.25/turn               w - +6 ring of intelligence
MPRegen 0.57/turn               o - ring of wizardry

@: no status effects
A: antennae 2, rugged brown scales 1, demonic guardian 2, demonic magic 3
a: Renounce Religion, Unearth Wretches


You were on level 2 of the Lair of Beasts.
You worshipped Kikubaaqudgha.
Kikubaaqudgha was pleased with you.
You visited 3 branches of the dungeon, and saw 12 of its levels.

You collected 586 gold pieces.
You spent 361 gold pieces at shops.

Inventory:

Hand Weapons
 b - a +0 dagger
 g - a +0 rapier
 s - a +1 dagger of electrocution
 t - a +2 dagger of venom (weapon)
 z - a +2 rapier of speed
 A - a +0 sling
 C - a +0 vampiric dagger
 F - the +7 spear of Valour {chaos, *Rage rC+ MP+9 Int+3}
   (You took it off an orc wizard on level 7 of the Dungeon)

   Each time it hits an enemy it has a different, random effect.
   Int:       It affects your intelligence (+3).
   rC:        It protects you from cold.
   MP:        It affects your magic capacity (+9).
   *Rage:     It berserks you when you make melee attacks (+20% chance).
 J - a +1 vorpal falchion
 M - a -2 demon whip of venom
Missiles
 E - 26 poisoned darts
Armour
 a - a +0 robe (worn)
 k - a +2 hat (worn)
 u - a +0 cloak (worn)
 y - a +0 cloak
Jewellery
 m - a ring of resist corrosion
 n - an amulet of the acrobat
 o - a ring of wizardry (right hand)
 q - a ring of wizardry
 w - a +6 ring of intelligence (left hand)
 G - an amulet of magic regeneration (around neck)
Wands
 c - a wand of flame (47)
 x - a wand of mindburst (5)
 K - a wand of digging (4)
 L - a wand of paralysis (2)
Scrolls
 f - 2 scrolls of magic mapping
 h - 2 scrolls of teleportation
 j - a scroll of blinking
 D - a scroll of acquirement {unknown}
 H - 2 scrolls of brand weapon
 I - 2 scrolls of identify
Potions
 d - 4 potions of flight
 e - 5 potions of curing
 l - 3 potions of heal wounds
 p - a potion of haste
 r - a potion of magic
 v - a potion of mutation
 B - 3 potions of cancellation


   Skills:
 + Level 10.8 Fighting
 + Level 9.9 Short Blades
 - Level 4.6 Dodging
 - Level 5.0 Stealth
 - Level 6.3 Spellcasting
 - Level 8.5 Necromancy
 - Level 4.0 Air Magic


You had 6 spell levels left.
You knew the following spells:

 Your Spells              Type           Power      Damage    Failure   Level
a - Necrotise             Necr           100%       1d9       1%          1
b - Vampiric Draining     Necr           50%        2d9       1%          3
c - Animate Dead          Necr           50%        N/A       1%          4
d - Swiftness             Air            27%        N/A       1%          3
e - Agony                 Necr           50%        N/A       2%          5

Your spell library contained the following spells:

 Spells                   Type           Power      Damage    Failure   Level
 Sublimation of Blood     Necr           50%        N/A       1%          2
 Ensorcelled Hibernation  Hex/Ice        14%        N/A       4%          2
 Passwall                 Tmut/Erth      5%         N/A       4%          2
 Inner Flame              Hex/Fire       7%         N/A       9%          3
 Cause Fear               Hex            3%         N/A       26%         4
 Discord                  Hex            3%         N/A       100%        8


Dungeon Overview and Level Annotations

Branches:
Dungeon (9/15)             Temple (1/1) D:7            Lair (2/5) D:9
  Swamp: Lair:2-3    Shoals: Lair:2-3     Snake: Lair:2-3    Spider: Lair:2-3
    Orc: D:9-12

Altars:
Ashenzari
Cheibriados
Dithmenos
Fedhas
Gozag
Hepliaklqana
Kikubaaqudgha
Makhleb
Nemelex Xobeh
Okawaru
Qazlal
Ru
Trog
Uskayaw
Vehumet
Wu Jian
Xom
Yredelemnul

Shops:
D:4 ![*(   D:6 :

Annotations:
D:2 Terence
Lair:1 exclusion: ice statue
Lair:2 Gastronok


Innate Abilities, Weirdness & Mutations

You have a pair of antennae on your head.
You are partially covered in rugged brown scales. (AC +1, +3% HP)
A demonic guardian rushes to your aid.
Spells you cast and wands you use may paralyse nearby enemies.


Message History

Aim: a seven-headed hydra (moderately wounded, not watching you, ally target)
You draw life force from the seven-headed hydra.
You feel life coursing into your body. Malevolent energies surge around you.
The seven-headed hydra misses you.
The seven-headed hydra closely misses you.
The seven-headed hydra misses you.
The seven-headed hydra barely misses you.
The seven-headed hydra closely misses you.
The seven-headed hydra barely misses you. x2
Your hellwing hits the seven-headed hydra! x2
Casting: Vampiric Draining (safe; 1% risk of failure)
Confirm with . or Enter, or press ? or * to list all spells.
Aiming: Vampiric Draining (safe; 1% risk of failure)
Press: ? - help, Shift-Dir - straight line, f/p - seven-headed hydra
Aim: a seven-headed hydra (severely wounded, ally target)
You draw life force from the seven-headed hydra.
You feel life coursing into your body. Malevolent energies surge around you.
The seven-headed hydra closely misses you.
The seven-headed hydra bites you!
* * * LOW HITPOINT WARNING * * *
The seven-headed hydra bites you but does no damage.
The seven-headed hydra bites you!
* * * LOW HITPOINT WARNING * * *
The seven-headed hydra barely misses you. x2
The seven-headed hydra bites you but does no damage.
Your hellwing hits the seven-headed hydra. x2
Casting: Vampiric Draining (safe; 1% risk of failure)
Confirm with . or Enter, or press ? or * to list all spells.
Aiming: Vampiric Draining (safe; 1% risk of failure)
Press: ? - help, Shift-Dir - straight line, f/p - seven-headed hydra
Aim: a seven-headed hydra (almost dead, not watching you, ally target)
You draw life force from the seven-headed hydra!
You feel life coursing into your body. Malevolent energies surge around you.
The seven-headed hydra barely misses you.
The seven-headed hydra bites you!
* * * LOW HITPOINT WARNING * * *
The seven-headed hydra bites you but does no damage.
The seven-headed hydra bites you!
You die...
Kikubaaqudgha rasps: "You have failed me!
Welcome... death!"

.......... #.....
#..... #..... ###
#..... ##.#####.....
♣♣♣............
♣♣♣♣.♣♣...#.......
♣♣@♣~..............
♣♣.D~~......P.......
♣.4.~~~♣....#....÷..
♣††≈~~~♣♣##.#...÷...
♣§♣~≈≈~♣ ......÷...
§§§♣≈≈~~♣
....####.#.
§.§§♣≈≈≈≈♣ ..[. ####
.§♣♣♣♣♣≈≈≈♣......# #
♣♣♣♣♣♣♣.♣♣♣♣♣.....##
#


You could see a seven-headed hydra (ally target) and a friendly hellwing
(summoned).

Vanquished Creatures
  A hydra (Lair:2)
  A black mamba (Lair:2)
  3 cane toads (Lair:1)
  2 rime drakes (Lair:1)
  Maggie (D:7)
  3 komodo dragons
  An ice devil (Lair:1)
  3 polar bears (Lair:1)
  A blink frog (Lair:2)
  A shadow (D:8)
  9 yaks
  A wyvern (Lair:1)
  A basilisk (Lair:1)
  A swamp worm (Lair:2)
  7 water moccasins
  An orc warrior (D:6)
  Duvessa (D:7)
  7 black bears
  A sky beast (D:7)
  6 wolves (Lair:1)
  2 centaurs
  2 phantoms
  2 kobold brigands (D:7)
  7 bullfrogs
  A necrophage (D:6)
  A gnoll sergeant (D:8)
  A scorpion (D:5)
  Dowan (D:7)
  2 elephant simulacra (Lair:1)
  4 electric eels (Lair:1)
  A howler monkey (D:5)
  4 lava snakes (Lair:1)
  4 hounds
  2 orc priests
  Crazy Yiuf (D:5)
  2 jellies
  5 iguanas
  A gnoll bouda (D:5)
  8 orc wizards
  A mummy (D:5)
  2 gnolls (D:8)
  7 adders
  4 white imps
  A worm (D:4)
  23 orcs
  7 endoplasms
  6 giant cockroaches
  8 goblins
  6 hobgoblins
  5 jackals
  23 kobolds
  4 quokkas
  3 ball pythons
  7 bats
  3 frilled lizards
  4 rats
217 creatures vanquished.

Vanquished Creatures (collateral kills)
  A death yak (Lair:1)
  Amaemon (Lair:1)
  A cyclops (D:7)
  An orange demon (Lair:1)
  A cane toad (Lair:1)
  A komodo dragon (Lair:2)
  A rime drake (Lair:1)
  A polar bear (Lair:1)
  A wyvern (D:8)
  A yak (D:8)
  A harpy simulacrum (Lair:1)
  A swamp worm (Lair:2)
  A water moccasin (Lair:2)
  An orc warrior (D:7)
  A sky beast (D:8)
  3 ice beasts
  4 wolves (Lair:1)
  A centaur (D:8)
  2 phantoms
  A kobold brigand (D:8)
  A bullfrog (Lair:1)
  A gnoll sergeant (D:8)
  A cane toad simulacrum (Lair:1)
  2 electric eels
  A crimson imp (D:8)
  An orc priest (D:8)
  A jelly (D:6)
  2 orc wizards
  A spriggan simulacrum (Lair:1)
  An adder (D:3)
  5 gnolls (D:8)
  An ufetubus (D:6)
  3 orcs
  A ball python (D:1)
  2 jackals (D:1)
  A kobold (D:8)
  A quokka (D:5)
  A frilled lizard (D:2)
  A rat (D:2)
54 creatures vanquished.

Vanquished Creatures (others)
  2 yaks (Lair:1)
  A blink frog zombie (Lair:2)
  A komodo dragon zombie (Lair:2)
  A bullfrog (Lair:1)
  A water moccasin zombie (Lair:1)
  A polar bear zombie (Lair:1)
  2 yak zombies (Lair:1)
  6 wolf zombies (Lair:1)
  A bullfrog zombie (Lair:1)
  A centaur zombie (D:8)
  4 kobold zombies (D:7)
  9 fungi (Lair:1)
  11 plants
41 creatures vanquished.

Grand Total: 312 creatures vanquished

Notes
Turn   | Place    | Note
-------+----------+-------------------------------------------
     0 | D:1      | Zonian the Demonspawn Necromancer began the quest for the
                  | Orb.
     0 | D:1      | Reached XP level 1. HP: 13/13 MP: 3/3
   588 | D:1      | Gained mutation: A weak demonic guardian rushes to your
                  | aid. [demonic ancestry]
   588 | D:1      | Reached XP level 2. HP: 13/19 MP: 3/5
  1902 | D:2      | Reached XP level 3. HP: 12/24 MP: 6/6
  3020 | D:2      | Noticed Terence
  3804 | D:3      | Gained mutation: A demonic guardian rushes to your aid.
                  | [demonic ancestry]
  3804 | D:3      | Reached XP level 4. HP: 14/30 MP: 3/7
  4376 | D:2      | Learned a level 3 spell: Vampiric Draining
  4786 | D:3      | HP: 1/30 [something/puff of flame (10)]
  4800 | D:3      | Reached skill level 5 in Necromancy
  6016 | D:4      | Found Ramiapp's Antique Armour Boutique.
  6020 | D:4      | Gained mutation: Spells you cast may paralyse adjacent
                  | enemies. [demonic ancestry]
  6020 | D:4      | Reached XP level 5. HP: 35/35 MP: 9/9
  6142 | D:4      | Found Ovuub's General Store.
  6145 | D:4      | Bought a potion of curing for 39 gold pieces
  6152 | D:4      | Found Searchora's Weapon Shoppe.
  6333 | D:4      | Noticed a black bear
  6550 | D:4      | Noticed a phantom
  6580 | D:4      | Learned a level 4 spell: Animate Dead
  6592 | D:4      | Found Iceqeeg's Distillery.
  6684 | D:4      | Killed a black bear
  6685 | D:4      | Gained mutation: You have a pair of small antennae on your
                  | head. [demonic ancestry]
  6685 | D:4      | Reached XP level 6. HP: 41/41 MP: 8/11
  6725 | D:4      | Bought a potion of heal wounds for 70 gold pieces
  7035 | D:5      | Entered Level 5 of the Dungeon
  7652 | D:5      | Gained mutation: You have a pair of antennae on your head.
                  | [demonic ancestry]
  7652 | D:5      | Reached XP level 7. HP: 41/46 MP: 12/12
  8345 | D:5      | Identified the +1 robe of Afrecw {Harm Will++ Str+10
                  | Stlth-}
  8536 | D:5      | Reached XP level 8. HP: 51/52 MP: 12/14
  8793 | D:5      | Reached skill level 5 in Stealth
  8797 | D:5      | Learned a level 3 spell: Swiftness
  9113 | D:5      | Found a snail-covered altar of Cheibriados.
  9378 | D:5      | Found a runed translucent door.
  9379 | D:5      | Noticed Crazy Yiuf
  9422 | D:5      | Killed Crazy Yiuf
  9716 | D:6      | Reached skill level 1 in Short Blades
  9821 | D:6      | Reached skill level 1 in Fighting
  9821 | D:6      | Reached skill level 1 in Air Magic
  9929 | D:6      | Reached skill level 5 in Spellcasting
 10372 | D:6      | Found Vorghine's Book Shop.
 10395 | D:6      | Found a radiant altar of Vehumet.
 10797 | D:6      | Reached skill level 2 in Fighting
 11418 | D:6      | Gained mutation: You are partially covered in rugged brown
                  | scales. (AC +1, +3% HP) [demonic ancestry]
 11418 | D:6      | Reached XP level 9. HP: 50/63 MP: 7/17
 11812 | D:7      | Noticed Maggie
 11824 | D:7      | Killed Maggie
 11825 | D:7      | Reached skill level 3 in Fighting
 11903 | D:7      | Found a staircase to the Ecumenical Temple.
 11911 | D:7      | Noticed a cyclops
 11913 | Temple   | Entered the Ecumenical Temple
 11928 | Temple   | Became a worshipper of Kikubaaqudgha
 12607 | D:7      | Killed a cyclops
 12891 | D:7      | Noticed Duvessa
 12892 | D:7      | Noticed Dowan
 12904 | D:7      | Killed Duvessa
 12905 | D:7      | Reached skill level 4 in Fighting
 12916 | D:7      | Killed Dowan
 13083 | D:7      | Identified the +7 chain mail of Valour {Int+3}
 13106 | D:7      | Identified the +7 spear of Valour {chaos, *Rage rC+ MP+9
                  | Int+3}
 13220 | D:7      | Found a bloodstained altar of Trog.
 14170 | D:7      | Learned a level 5 spell: Agony
 14228 | D:8      | Reached skill level 5 in Fighting
 14228 | D:8      | Gained mutation: Spells you cast may paralyse nearby
                  | enemies. [demonic ancestry]
 14228 | D:8      | Reached XP level 10. HP: 41/76 MP: 15/19
 14419 | D:8      | Reached * piety under Kikubaaqudgha
 14419 | D:8      | Received a gift from Kikubaaqudgha
 14422 | D:8      | Reached skill level 5 in Short Blades
 14734 | D:8      | Found a burning altar of Makhleb.
 14734 | D:8      | Found a shimmering altar of Xom.
 15476 | D:8      | Reached skill level 6 in Fighting
 15614 | D:8      | Found an opulent altar of Gozag.
 15614 | D:8      | Found a sparkling altar of Nemelex Xobeh.
 15904 | D:9      | Found a staircase to the Lair.
 16010 | D:4      | Bought a potion of heal wounds for 70 gold pieces
 16010 | D:4      | Bought a potion of heal wounds for 70 gold pieces
 16010 | D:4      | Bought a potion of cancellation for 112 gold pieces
 16110 | Lair:1   | Entered Level 1 of the Lair of Beasts
 16143 | Lair:1   | Reached ** piety under Kikubaaqudgha
 16150 | Lair:1   | Noticed a cane toad
 16165 | Lair:1   | Killed a cane toad
 16166 | Lair:1   | Reached skill level 7 in Fighting
 16249 | Lair:1   | Noticed Amaemon
 16263 | Lair:1   | Noticed a cane toad
 16544 | Lair:1   | Killed a cane toad
 16628 | Lair:1   | Noticed a cane toad
 16638 | Lair:1   | Killed a cane toad
 16639 | Lair:1   | Reached skill level 8 in Fighting
 16725 | Lair:1   | Noticed a cane toad
 16744 | Lair:1   | Killed a cane toad
 16749 | Lair:1   | Gained mutation: Spells you cast and wands you use may
                  | paralyse nearby enemies. [demonic ancestry]
 16749 | Lair:1   | Reached XP level 11. HP: 47/88 MP: 20/20
 17432 | Lair:1   | Paralysed by Amaemon for 4 turns
 18130 | Lair:1   | Noticed a death yak
 18134 | Lair:1   | Reached skill level 9 in Fighting
 19506 | Lair:1   | Killed Amaemon
 20248 | Lair:1   | Killed a death yak
 20249 | Lair:1   | Reached skill level 10 in Fighting
 20718 | Lair:2   | Noticed Gastronok
 21000 | Lair:2   | Noticed a boulder beetle
 21065 | Lair:2   | Noticed a five-headed hydra
 21071 | Lair:2   | Killed a five-headed hydra
 21113 | Lair:2   | Noticed a seven-headed hydra
 21122 | Lair:2   | HP: 2/94 [seven-headed hydra (11)]
 21122 | Lair:2   | Mangled by a seven-headed hydra

Illustrated notes

Levels and vault maps discovered:
D:1:      ncdulo_lavacross, layout_basic
D:2:      minmay_chambers_of_ones, layout_basic, amcnicky_mini_corridor_feature,
          uniq_terence
D:3:      layout_basic, minmay_misc_feat_enclosed
D:4:      layout_cave_pools, serial_shops, nicolae_shop_bloodbath_and_beyond,
          kennysheep_mini_moat, shop, nicolae_shop_overgrown_old_shop
D:5:      layout_rooms, good_gods_mini_temple, chei_slow_surprise,
          minmay_crossroads, uniq_crazy_yiuf_cottage
D:6:      minmay_general_purpose_star, layout_basic,
          nicolae_vehumet_altar_sigil, serial_shops, nicolae_shop_trees
D:7:      layout_cave_pools, trog_ov_bears_minmay,
          minmay_temple_entry_drinking_statues, uniq_duvessa, uniq_maggie
D:8:      layout_cave_pools, grunt_temple_overflow_champion_of_chaos,
          grunt_temple_overflow_opulence
D:9:      layout_loops_cross, lair_entry_dummy
Temple:   minmay_freezing_vapour_temple
Lair:1:   dreamdust_isle_of_ice, layout_regular_city,
          nicolae_lair_liquid_snakes, grunt_megastairs_3, serial_bayou_shore_b,
          serial_bayou_shore_a, uniq_amaemon
Lair:2:   layout_chaotic_city, palyth_hydra_swamp_entry,
          nicolae_spider_entry_non_spiders, serial_bayou_lagoon_b,
          uniq_gastronok

Skill      XL: |  1  2  3  4  5  6  7  8  9 10 11 |
---------------+----------------------------------+-----
Stealth        | 2 3 4 5 |  5.0
Dodging        | 2 3 4 |  4.6
Necromancy     | 5 6 7 8 |  8.5
Spellcasting   | 3 4 5 6 |  6.3
Short Blades   | 2 4 7 9 |  9.9
Fighting       | 2 5 8 10 | 10.8
Air Magic      | 2 4 |  4.0

Action                   |  1- 3 |  4- 6 |  7- 9 | 10-12 || total
-------------------------+-------+-------+-------+-------++-------
Melee: Unarmed           |     8 |       |       |       ||     8
       Dagger            |    60 |   129 |   177 |   177 ||   543
       Punch             |     1 |     1 |       |     2 ||     4
       Rapier            |       |    10 |    94 |       ||   104
 Cast: Necrotise         |    57 |    52 |    76 |    65 ||   250
       Vampiric Draining |       |     1 |     3 |    27 ||    31
       Animate Dead      |       |       |     2 |     4 ||     6
       Swiftness         |       |       |       |     1 ||     1
Invok: Unearth Wretches  |       |       |       |     2 ||     2
Evoke: Wand              |       |       |     2 |    24 ||    26
  Use: Potion            |     1 |     2 |     1 |     3 ||     7
       Scroll            |    10 |     4 |     5 |     4 ||    23
 Stab: Sleeping          |     2 |     2 |     7 |     5 ||    16
       Paralysed         |       |    15 |    18 |    35 ||    68
       Distracted        |       |       |     1 |     1 ||     2
       Invisible         |       |       |       |     3 ||     3
Armor: Robe              |    24 |    47 |    63 |    42 ||   176
       Skin              |       |    10 |     7 |     3 ||    20
Dodge: Dodged            |    60 |   113 |   187 |   163 ||   523
